 Dungeon Crawl Stone Soup version 0.20-a0-1122-gb7cbeb9 (webtiles) character file.

135 Kurtz the Poker (level 4, -11/35 HPs)
             Began as a Mummy Abyssal Knight on May 13, 2017.
             Was a Believer of Lugonu.
             Mangled by Crazy Yiuf
             ... wielding a +3 quarterstaff of chaos
              (19 damage)
             ... on level 3 of the Dungeon.
             The game lasted 00:02:20 (2923 turns).

Kurtz the Poker (Mummy Abyssal Knight)              Turns: 2923, Time: 00:02:21

Health: -11/35     AC:  8    Str: 15    XL:     4   Next: 96%
Magic:  5/5        EV:  6    Int: 11    God:    Lugonu [**....]
Gold:   107        SH:  0    Dex: 12    Spells: 3/3 levels left

rFire    x . .     SeeInvis .   a - +1 spear
rCold    + . .     Gourm    .   (no shield)
rNeg     + + +     Faith    +   m - +0 chain mail (curse)
rPois    ∞         Spirit   .   (no helmet)
rElec    .         Reflect  .   (no cloak)
rCorr    .         Harm     .   (no gloves)
MR       .....                  (no boots)
Stlth    ..........             g - amulet of faith
Regen    0.2/turn               (no ring)
MPRegen  0.1/turn               (no ring)

@: no status effects
A: no food or potions, fire vulnerability, cold resistance 1, negative energy
resistance 3, torment resistance, unbreathing
a: Depart the Abyss, Bend Space, Renounce Religion


You were on level 3 of the Dungeon.
You worshipped Lugonu.
Lugonu was pleased with you.
You were not hungry.

You visited 1 branch of the dungeon, and saw 3 of its levels.
You visited the Abyss 1 time.

You collected 107 gold pieces.

Inventory:

Hand Weapons
 a - a +1 spear (weapon)
Missiles
 d - 2 javelins (quivered)
Armour
 b - a +0 leather armour
 f - a +0 ring mail
 k - a +0 scale mail
 m - a cursed +0 chain mail (worn)
Jewellery
 g - an amulet of faith (around neck)
Scrolls
 c - 2 scrolls of remove curse {unknown}
 e - a scroll of recharging {unknown}
 h - a scroll of fear {unknown}
 i - 2 scrolls of enchant weapon {unknown}
 j - a scroll of teleportation {unknown}
 l - 2 scrolls of identify {unknown}
 n - a scroll of fog {unknown}


   Skills:
 - Level 3.0 Fighting
 * Level 3.8 Polearms
 - Level 1.5 Armour
 - Level 0.7 Dodging
 * Level 2.5 Invocations


You had 3 spell levels left.
You didn't know any spells.

Dungeon Overview and Level Annotations

Branches:
Dungeon (3/15)

Altars:

Annotations:
D:3 Crazy Yiuf


Innate Abilities, Weirdness & Mutations

You do not eat or drink.
Your flesh is vulnerable to fire.
You are immune to poison.
Your flesh is cold resistant. (rC+)
You are immune to negative energy. (rN+++)
You are immune to unholy pain and torment.
You can survive without breathing.


Message History

Crazy Yiuf sings, "Trees, trees, trees, circus!"
Crazy Yiuf drinks a potion.
Crazy Yiuf is healed!
You hit Crazy Yiuf.
Crazy Yiuf is heavily wounded.
You hit Crazy Yiuf but do no damage.
Crazy Yiuf is heavily wounded.
Crazy Yiuf grits, "Goldfish shoe alas!"
Crazy Yiuf hits you with a quarterstaff of chaos.
You are electrocuted!
Your chain mail prevents you from hitting Crazy Yiuf.
Crazy Yiuf is heavily wounded.
Crazy Yiuf hits you with a quarterstaff of chaos!
* * * LOW HITPOINT WARNING * * *
Crazy Yiuf freezes you.
* * * LOW HITPOINT WARNING * * *
You hit Crazy Yiuf.
Crazy Yiuf is almost dead.
Crazy Yiuf hits you but does no damage.
You are electrocuted!
Ouch! That really hurt!
You die...

#.#
####....#
#.# #....#
#.####
#....#
#....#
#...## #####
###### ##.##
....# #.##
#######
.##.########
##.# #.....#
...........#
#.## #####[#
..#.########
##@# #.#
....# #g#
#.# .)#.#
... #.#
....# #...#
#.# #.####
#.()# ##.##
.....# #####
#.#.# #>##.#
##..# #..#.#
####### ##.#
##.#.#
##.....##
### #.#


You could see Crazy Yiuf.

Vanquished Creatures
  An orc priest (D:3)
  Jessica (D:2)
  2 adders
  A worm (D:3)
  3 leopard geckos
  2 orcs (D:3)
  4 bats
  5 goblins
  3 hobgoblins
  6 jackals (D:3)
  11 kobolds
  A quokka (D:2)
  2 ball pythons
  3 frilled lizards
  9 rats
54 creatures vanquished.

Notes
Turn   | Place    | Note
-------+----------+-------------------------------------------
     0 | Abyss:1  | Kurtz the Mummy Abyssal Knight began the quest for the Orb.
     0 | Abyss:1  | Reached XP level 1. HP: 18/18 MP: 2/2
    25 | D:1      | Escaped the Abyss
   587 | D:1      | Reached XP level 2. HP: 24/24 MP: 3/3
   961 | D:2      | Reached ** piety under Lugonu
  1345 | D:2      | Noticed Jessica
  1352 | D:2      | Killed Jessica
  1352 | D:2      | Reached XP level 3. HP: 25/29 MP: 4/4
  1747 | D:3      | Reached XP level 4. HP: 31/35 MP: 5/5
  1852 | D:3      | Found a runed door.
  2913 | D:3      | Noticed Crazy Yiuf
  2923 | D:3      | Mangled by Crazy Yiuf

Vault maps used:
D:1:      dpeg_arrival_snail
D:2:      minmay_misc_feat_x, uniq_jessica
D:3:      uniq_crazy_yiuf_cottage

Skill      XL: |  1  2  3 |
---------------+----------+-----
Polearms       | 2 3 |  3.8
Invocations    | 2 |  2.5
Fighting       | |  3.0
Armour         | |  1.5
Dodging        | |  0.7

Action                   |  1- 3 |  4- 6 || total
-------------------------+-------+-------++-------
Melee: Spear             |   107 |   124 ||   231
Throw: Javelin           |       |     1 ||     1
Armor: Ring mail         |    23 |    28 ||    51
       Leather armour    |     3 |       ||     3
       Chain mail        |       |    25 ||    25
       Scale mail        |       |     4 ||     4
Dodge: Dodged            |    43 |    43 ||    86
